 Dungeon Crawl Stone Soup version 0.32-a0-656-g3542139ebd (webtiles) character file.

Game seed: 3029168162039854235

840946 Dirtsage the Metallomancer (level 27, -3/245 HPs)
             Began as a Demonspawn Monk on Mar 6, 2024.
             Was the Champion of Wu Jian.
             Killed from afar by a hellion (29 damage)
             ... with damnation
             ... in Pandemonium on Mar 8, 2024.
             The game lasted 04:31:40 (66843 turns).

Dirtsage the Metallomancer (Demonspawn Monk)       Turns: 66843, Time: 04:31:41

Health: -3/245     AC: 34    Str: 19      XL:     27
Magic:  47/47      EV: 21    Int:  5 (6)  God:    Wu Jian [******]
Gold:   9577       SH: 21    Dex: 20 (21) Spells: 20/42 levels left

rFire   + +          .
                       - Unarmed
rCold   . . .        U - +5 kite shield "Osen" {Regen+ Str-5 Dex+5}
rNeg    + + +        H - melded +8 faerie dragon scales {rF+ rCorr Clar}
rPois   ∞            O - +1 helmet
rElec   +            K - +0 cloak "Utuduah" {Rampage rN++ Will++}
rCorr   +            (gloves unavailable)
SInv    .            k - melded +3 pair of mountain boots {steadfast, rC+}
Will    +++++        A - amulet of Feugrof {Fly rF+ rC+ Regen+ Int-4}
Stlth   +++          V - ring "Neoh" {rF+ Will+ rCorr MP+9 Stlth+}
HPRegen 3.00/turn    G - ring of the Kraken {rPois rN++}
MPRegen 0.30/turn

%: rampage
@: statue-form, flying, studying 3 skills, very slow
A: slow and powerful, torment resistance 1, boosted hp, claws 3, powered by
death 3, augmentation 3, (sanguine armour 3), demonic magic 3, talons 1,
deformed body, deterioration 1, dopey 1, frail 1, high MP 1, regeneration 1,
cold vulnerability 1, persistent drain
}: 8/15 runes: barnacled, slimy, silver, demonic, magical, fiery, dark, gossamer
a: Begin Untransformation, Renounce Religion, Wall Jump, Serpent's Lash,
Heavenly Storm


You were in Pandemonium.
You worshipped Wu Jian.
Wu Jian was exalted by your worship.
You were a living statue of rough stone.
You visited 10 branches of the dungeon, and saw 48 of its levels.
You visited Pandemonium 1 time, and saw 13 of its levels.
You also visited: Sewer, Ossuary, Bailey, Gauntlet, Ice Cave and Volcano.

You collected 12245 gold pieces.
You spent 2668 gold pieces at shops.

Inventory:

Missiles
 p - 5 throwing nets
 w - 3 curare-tipped darts (quivered)
 R - 3 silver javelins
Armour
 a - the +5 tower shield of Circular Logic {rElec rF- Regen+ Int+3}
   (You took it off a daeva in Pandemonium)

   Int+3:     It affects your intelligence (+3).
   rF-:       It makes you vulnerable to fire.
   rElec:     It insulates you from electricity.
   Regen+:    It increases your rate of health regeneration.
 k - the +3 pair of mountain boots (melded) {steadfast, rC+}
   (You found it on level 3 of the Elven Halls)

   Steadfast: It prevents involuntary movement, except for blinking,
   teleportation, or banishment.
   rC+:       It protects you from cold.
 H - the +8 faerie dragon scales (melded) {rF+ rCorr Clar}
   (You took it off the Enchantress on level 3 of the Depths)

   rF+:       It protects you from fire.
   Clar:      It protects you from confusion, rage, mesmerisation and fear.
   rCorr:     It protects you from acid and corrosion.
 K - the +0 cloak "Utuduah" (worn) {Rampage rN++ Will++}
   (You found it on level 3 of the Shoals)

   rN++:      It greatly protects you from negative energy.
   Will++:    It greatly increases your willpower.
   Rampage:   It bestows one free step when moving towards enemies.
 O - a +1 helmet (worn)
 U - the +5 kite shield "Osen" (worn) {Regen+ Str-5 Dex+5}
   (You found it on level 3 of the Elven Halls)

   Str-5:     It affects your strength (-5).
   Dex+5:     It affects your dexterity (+5).
   Regen+:    It increases your rate of health regeneration.
 Y - a +0 kite shield of cold resistance
 Z - a scarf of repulsion
Jewellery
 b - a +4 ring of protection
 s - the ring "Ypuclyu" {rElec rPois rC- Str-4 SInv}
   (You found it on level 3 of the Depths)

   [ring of see invisible]

   Str-4:     It affects your strength (-4).
   rC-:       It makes you vulnerable to cold.
   rElec:     It insulates you from electricity.
   rPois:     It protects you from poison.
   SInv:      It lets you see invisible.
 z - the amulet of Paranoia {Spirit rElec Will+ Int+3 Dex-3}
   (You found it in Pandemonium)

   [amulet of guardian spirit]

   Spirit:    It causes incoming damage to be divided between your reserves of
   health and magic.
   Int+3:     It affects your intelligence (+3).
   Dex-3:     It affects your dexterity (-3).
   rElec:     It insulates you from electricity.
   Will+:     It increases your willpower.
 A - the amulet of Feugrof (around neck) {Fly rF+ rC+ Regen+ Int-4}
   (You found it on level 5 of the Pits of Slime)

   [amulet of regeneration]

   Int-4:     It affects your intelligence (-4).
   rF+:       It protects you from fire.
   rC+:       It protects you from cold.
   Fly:       It grants you flight.
   Regen+:    It increases your rate of health regeneration.
 C - the ring "Coxzoumuwu" {rF++ rC+ Stlth+}
   (You found it in Pandemonium)

   [ring of protection from cold]

   rF++:      It greatly protects you from fire.
   rC+:       It protects you from cold.
   Stlth+:    It makes you more stealthy.
 G - the ring of the Kraken (right claw) {rPois rN++}
   (You found it on level 5 of the Pits of Slime)

   [ring of poison resistance]

   rPois:     It protects you from poison.
   rN++:      It greatly protects you from negative energy.
 I - the ring of the Conjuring Gods {^Drain Fly Will+++ Int-5 Dex+4}
   (You found it in Pandemonium)

   [ring of flight]

   Int-5:     It affects your intelligence (-5).
   Dex+4:     It affects your dexterity (+4).
   Will+++:   It greatly increases your willpower.
   Fly:       It grants you flight.
   ^Drain:    It drains your maximum health when unequipped.
 V - the ring "Neoh" (left claw) {rF+ Will+ rCorr MP+9 Stlth+}
   (You found it on level 5 of the Pits of Slime)

   [ring of resist corrosion]

   rF+:       It protects you from fire.
   Will+:     It increases your willpower.
   MP+9:      It affects your magic capacity (+9).
   rCorr:     It protects you from acid and corrosion.
   Stlth+:    It makes you more stealthy.
 W - a ring of wizardry
Talismans
 M - a granite talisman (active)
Wands
 D - a wand of digging (23)
 F - a wand of flame (168)
 J - a wand of warping (85)
 Q - a wand of acid (32)
Scrolls
 c - 6 scrolls of fog
 f - 8 scrolls of enchant armour
 g - 16 scrolls of fear
 o - 10 scrolls of poison
 r - 7 scrolls of silence
 t - 15 scrolls of teleportation
 v - 3 scrolls of torment
 x - 9 scrolls of immolation
 y - 4 scrolls of butterflies
 B - 5 scrolls of blinking
 L - 13 scrolls of revelation
Potions
 d - 18 potions of might
 e - 9 potions of lignification
 h - 15 potions of haste
 i - 5 potions of invisibility
 j - 10 potions of enlightenment
 l - 21 potions of heal wounds
 m - 12 potions of brilliance
 n - 7 potions of resistance
 q - 28 potions of curing
 u - 11 potions of cancellation
 P - 10 potions of mutation
 S - 10 potions of berserk rage
 X - 12 potions of attraction
Miscellaneous
 E - a phantom mirror
 T - a phial of floods


   Skills:
 - Level 15.9 Fighting
 - Level 12.0 Armour
 - Level 12.7 Dodging
 - Level 19.0 Shields
 - Level 20.6 Unarmed Combat
 - Level 8.0 Spellcasting
 - Level 19.6 Necromancy
 - Level 11.2 Translocations
 - Level 11.2 Air Magic
 * Level 21.0 Earth Magic
 - Level 18.8 Shapeshifting


You had 20 spell levels left.
You knew the following spells:

 Your Spells              Type           Power      Damage    Failure   Level
a - Vhi's Electric Charg  Tloc/Air       26%        N/A       3%          4
b - Fugue of the Fallen   Necr           21%        N/A       1%          3
c - Death Channel         Necr           10%        N/A       1%          6
d - Shatter               Erth           11%        3d12*     99%         9

Your spell library contained the following spells:

 Spells                   Type           Power      Damage    Failure   Level
 Necrotise                Necr           84%        1d8       0%          1
 Sandblast                Erth           46%        2d11      0%          1
 Passwall                 Erth           23%        N/A       0%          3
 Apportation              Tloc           26%        N/A       1%          1
 Kiss of Death            Conj/Necr      44%        2d8       1%          1
 Blink                    Tloc           26%        N/A       1%          2
 Cigotuvi's Dreadful Rot  Necr/Alch/Air  24%        N/A       1%          2
 Lesser Beckoning         Tloc           26%        N/A       1%          2
 Stone Arrow              Conj/Erth      24%        3d8       1%          3
 Swiftness                Air            13%        N/A       1%          3
 Dispel Undead            Necr           21%        3d11      1%          4
 Curse of Agony           Necr           21%        N/A       1%          5
 Lee's Rapid Deconstruct  Erth           11%        3d8*      1%          5
 Shock                    Conj/Air       28%        1d4       3%          1
 Airstrike                Air            6%         2d(1-17)  3%          4
 Manifold Assault         Tloc           13%        N/A       3%          4
 Passage of Golubria      Tloc           13%        N/A       3%          4
 Mercury Vapours          Alch/Air       14%        N/A       4%          2
 Momentum Strike          Conj/Tloc      14%        3d8       4%          2
 Static Discharge         Conj/Air       14%        3-4/arc   4%          2
 Animate Armour           Summ/Erth      24%        N/A       4%          4
 Brom's Barrelling Bould  Conj/Erth      12%        2d4       4%          4
 Leda's Liquefaction      Alch/Erth      6%         N/A       4%          4
 Petrify                  Alch/Erth      12%        N/A       4%          4
 Anguish                  Hex/Necr       5%         N/A       5%          4
 Martyr's Knell           Necr/Summ      11%        N/A       5%          4
 Volatile Blastmotes      Fire/Tloc      14%        2d11      10%         3
 Mephitic Cloud           Conj/Alch/Air  5%         N/A       21%         3
 Foxfire                  Conj/Fire      8%         2x1d4     32%         1
 Magic Dart               Conj           8%         1d3       32%         1
 Sting                    Conj/Alch      8%         1d3       32%         1
 Summon Small Mammal      Summ           8%         N/A       32%         1
 Iskenderun's Mystic Bla  Conj/Tloc      7%         2d4       32%         4
 Summon Lightning Spire   Summ/Air       7%         N/A       32%         4
 Ensorcelled Hibernation  Hex/Ice        4%         N/A       43%         2
 Jinxbite                 Hex            4%         N/A       43%         2
 Scorch                   Fire           4%         2d5       43%         2
 Searing Ray              Conj           4%         2d4       43%         2
 Dispersal                Tloc           6%         N/A       43%         6
 Arcjolt                  Conj/Air       3%         1d13      65%         5
 Summon Forest            Summ/Tloc      3%         N/A       65%         5
 Call Canine Familiar     Summ           2%         N/A       67%         3
 Dazzling Flash           Conj/Hex       4%         N/A       67%         3
 Frozen Ramparts          Ice            4%         1d1       67%         3
 Hailstorm                Conj/Ice       2%         3d5       67%         3
 Inner Flame              Hex/Fire       2%         N/A       67%         3
 Ozocubu's Armour         Ice            2%         N/A       67%         3
 Sigil of Binding         Hex            2%         N/A       67%         3
 Summon Ice Beast         Ice/Summ       2%         N/A       67%         3
 Tukima's Dance           Hex            2%         N/A       67%         3
 Cause Fear               Hex            1%         N/A       97%         4
 Flame Wave               Conj/Fire      2%         2d4       97%         4
 Fulminant Prism          Conj/Alch      1%         3d5       97%         4
 Ignite Poison            Fire/Alch      2%         N/A       97%         4
 Olgreb's Toxic Radiance  Alch           2%         N/A       97%         4
 Sticky Flame             Fire/Alch      2%         2d4       97%         4
 Summon Blazeheart Golem  Fire/Summ      2%         N/A       97%         4
 Conjure Ball Lightning   Conj/Air       3%         3x3d6     99%         6
 Plasma Beam              Fire/Air       3%         2x1d13    99%         6
 Fireball                 Conj/Fire      1%         3d3       100%        5
 Irradiate                Conj/Alch      1%         3d12      100%        5
 Metabolic Englaciation   Hex/Ice        1%         N/A       100%        5
 Yara's Violent Unravell  Hex/Alch       1%         3d3       100%        5
 Sculpt Simulacrum        Ice/Alch       1%         N/A       100%        6
 Starburst                Conj/Fire      1%         6d3       100%        6
 Summon Cactus Giant      Summ           1%         N/A       100%        6
 Enfeeble                 Hex            1%         N/A       100%        7
 Malign Gateway           Summ/Tloc      3%         N/A       100%        7
 Monstrous Menagerie      Summ           1%         N/A       100%        7
 Orb of Destruction       Conj           1%         9d5       100%        7
 Ozocubu's Refrigeration  Ice            1%         4d7       100%        7
 Spellforged Servitor     Conj/Summ      1%         N/A       100%        7
 Summon Hydra             Summ           1%         N/A       100%        7
 Discord                  Hex            1%         N/A       100%        8
 Disjunction              Tloc           6%         N/A       100%        8
 Ignition                 Fire           1%         3d3       100%        8
 Maxwell's Capacitive Co  Air            6%         ∞         100%        8
 Chain Lightning          Conj/Air       3%         3d4       100%        9
 Dragon's Call            Summ           1%         N/A       100%        9
 Fire Storm               Conj/Fire      1%         7d1       100%        9
 Polar Vortex             Ice            1%         N/A       100%        9
 Sublimation of Blood     Necr           Unusable   N/A       N/A         2

Dungeon Overview and Level Annotations

Branches:
Dungeon (15/15)            Temple (1/1) D:4            Lair (5/5) D:10
 Shoals (4/4) Lair:3       Spider (4/4) Lair:2        Slime (5/5) Lair:5
    Orc (2/2) D:11            Elf (3/3) Orc:2        Vaults (5/5) D:13
  Crypt (0/3) Vaults:2     Depths (4/4) D:15            Zot (0/5) Depths:4
  Sewer (visited)         Ossuary (visited)          Bailey (visited)
  IceCv (visited)         Volcano (visited)         Gauntlet (visited)

Altars:
Ashenzari
Cheibriados
Dithmenos
Fedhas
Gozag
Hepliaklqana
Kikubaaqudgha
Makhleb
Nemelex Xobeh
Okawaru
Qazlal
Ru
Sif Muna
Trog
Uskayaw
Vehumet
Wu Jian
Xom
Yredelemnul
Beogh
Lugonu

Shops:
D:5 *   D:10 :   D:14 *   Orc:2 [(!*   Elf:2 *(   Elf:3 *   Vaults:1 !
Vaults:4 [   Depths:1 *[!

Portals:
Hell: Depths:1 Depths:2 Depths:3 Depths:4
Abyss: Depths:3 Depths:4
Pandemonium: Depths:1 Depths:2
Ziggurat: Depths:4

Annotations:
Lair:3 Rupert


Innate Abilities, Weirdness & Mutations

You are a living statue of rough stone.
Your actions are slow, but your melee attacks are powerful.
You are resistant to unholy torment.
Your maximum health is greatly increased.
Your equipment is partially melded.
You are immune to poison.
You have claws for hands.
You regenerate a lot of health from kills.
Your magical and physical power is greatly enhanced at high health.
((When seriously injured, your blood forms very thick armour. (AC +0)))
Spells you cast and wands you use may paralyse nearby enemies.
You have sharp toenails.
Armour fits poorly on your strangely shaped body.
Your body sometimes deteriorates upon taking damage.
You are dopey. (Int -2)
You are frail. (-10% HP)
You have an increased reservoir of magic. (+10% MP)
Your natural rate of healing is unusually fast.
You are vulnerable to cold. (rC-)
Your health recovers twice as slowly from being drained.


Message History

A hellephant comes into view.
The hellephant trumpets!
The hellion gives a hideous shriek! x2
You hear a hideous shriek! x5; You hear an angry squeal.
You hear a hideous shriek! x2
You take 32 damage, and have 213/245 hp.
Unknown command.
Unknown command.
You rampage towards the hellion!
A hellion comes into view.
The hellion gives a hideous shriek!
The hellion gestures at you.
The sphere of damnation explodes!
The damnation engulfs you!!!
Your body deteriorates!
You feel clumsy. The hellion gestures at you.
The sphere of damnation explodes!
The damnation engulfs you!!
A hellion comes into view.
The hellion gestures at you.
The sphere of damnation explodes!
The damnation engulfs you!!
Your body deteriorates!
You feel dopey. The hellion gestures at you.
The sphere of damnation explodes!
The damnation engulfs you!! The hellion gestures at you.
The sphere of damnation explodes!
The damnation engulfs you!
You take 123 damage, and have 90/245 hp.
MASSIVE DAMAGE!!
The hellion gestures at you.
The sphere of damnation explodes!
The damnation engulfs you! The hellion gestures at you.
The sphere of damnation explodes!
The damnation engulfs you!!
* * * LOW HITPOINT WARNING * * *
The hellion gestures at you.
The sphere of damnation explodes!
The damnation engulfs you!!
* * * LOW HITPOINT WARNING * * *
The hellion gestures at you.
The sphere of damnation explodes!
The damnation engulfs you!
* * * LOW HITPOINT WARNING * * *
The hellephant blinks!
The hellion gestures at you.
The sphere of damnation explodes!
The damnation engulfs you!!
You die...

§≈≈2)[..≈≈§≈.# #..#
≈§..224.§≈≈§.######.## #
≈.∩.!..22≈§≈........# #
≈≈.§2=22≈≈§§.######.# #
§§.22)2≈≈≈§§.# #.# #
≈§≈.§22≈≈§§.#######.# #
≈≈≈≈22§≈≈≈≈.........#####
≈≈≈§§§≈≈≈§########......
§§≈≈≈≈≈§I≈.# #.#####
..§§≈≈§....# #.# #
#...≈≈...#.# #.# #
#####.####.########.##
#.....?..........####
######..########....)
#### ######


You could see 14 hellions and a chaos spawn.

Vanquished Creatures
  Cerebov (Pan)
  the Royal Jelly (Slime:5)
  Gloorx Vloq (Pan)
  7 pandemonium lords (Pan)
  Lom Lobon (Pan)
  A seraph (Pan)
  A dread lich (Vaults:5)
  2 ancient liches (Vaults:5)
  Mara (Vaults:2)
  Mennas (Vaults:5)
  A juggernaut (Depths:4)
  Sojobo (Depths:1)
  Boris (Depths:2)
  Bai Suzhen (Vaults:2)
  5 caustic shrikes
  Norris (Elf:1)
  2 golden dragons (Vaults:5)
  2 pearl dragons (Pan)
  8 Brimstone Fiends (Pan)
  A bone dragon (Depths:4)
  the Enchantress (Depths:3)
  Arachne (Spider:2)
  4 Tzitzimimeh (Pan)
  A hellephant (Pan)
  Jorgrun (Shoals:3)
  3 Hell Sentinels (Pan)
  5 tentacled monstrosities
  Zenata (Vaults:3)
  2 walking crystal tomes
  9 Ice Fiends (Pan)
  Asterion (Spider:2)
  3 liches
  3 quicksilver dragons (Vaults:5)
  4 krakens (Shoals:4)
  2 deep elf master archers (Elf:3)
  6 titans (Vaults:5)
  A walking divine tome (Depths:4)
  A tentacled starspawn (Depths:3)
  2 deep elf blademasters
  31 Executioners (Pan)
  8 sphinxes
  19 acid blobs
  Kirke (D:14)
  12 tengu reavers
  2 shadow dragons (Vaults:5)
  Roxanne (Spider:4)
  A draconian knight (Depths:4)
  10 azure jellies
  Donald (Shoals:3)
  13 rockslimes
  11 demonspawn warmongers (Pan)
  3 fenstrider witches (Pan)
  5 storm dragons
  Ilsuiw (Shoals:3)
  20 daevas (Pan)
  8 deep elf sorcerers
  7 frost giants
  8 fire giants
  Louise (D:14)
  2 iron dragons
  A draconian scorcher (Depths:4)
  27 vault wardens
  A caustic shrike zombie (Depths:1)
  7 emperor scorpions
  5 ghost moths
  19 reapers (Pan)
  2 curse skulls (Pan)
  3 orc warlords
  18 ironbound preservers
  32 angels (Pan)
  31 balrugs (Pan)
  10 quicksilver oozes
  4 deep elf elementalists (Elf:3)
  A draconian stormcaller (Depths:4)
  11 formless jellyfish
  6 cacodemons (Pan)
  10 demonspawn corrupters (Pan)
  19 ophanim (Pan)
  4 broodmothers
  4 spriggan defenders
  3 caustic shrike skeletons
  17 demonspawn blood saints (Pan)
  A green draconian (Depths:4)
  4 juggernaut skeletons (Pan)
  2 vampire knights (Depths:2)
  7 ironbound thunderhulks
  37 apis (Pan)
  19 very ugly things
  14 stone giants
  3 spark wasps
  4 deep elf death magi (Elf:3)
  The ghost of alja1234 the Hermetic, a journeyman SpAl of Jiyva (Shoals:3)
  3 deep elf demonologists
  9 lorocyprocas (Pan)
  10 demonspawn black suns (Pan)
  A black draconian (Depths:4)
  2 war gargoyles
  A minotaur (Gauntlet)
  10 dire elephants
  A white draconian (Depths:4)
  2 red draconians
  8 deep elf annihilators
  13 ettins
  14 blizzard demons (Pan)
  12 green deaths
  9 merfolk impalers
  A crystal guardian (Vaults:2)
  5 fire dragons
  12 yaktaur captains
  Josephine (Lair:3)
  5 merfolk javelineers
  5 great orbs of eyes
  5 deep elf high priests
  4 entropy weavers
  4 spriggan air magi
  41 vault guards
  3 ogre magi
  11 ice dragons
  9 rakshasas
  A peacekeeper (Vaults:2)
  2 ghost crabs (Spider:2)
  8 hydras
  13 ironbound frosthearts
  6 hell beasts (Pan)
  2 catoblepae (Lair:5)
  5 merfolk avatars
  An alligator snapping turtle (Shoals:4)
  11 centaur warriors
  4 boulder beetles
  A jorogumo (Spider:3)
  A death knight (D:14)
  4 radroaches
  24 dancing weapons
  15 two-headed ogres
  10 merfolk aquamancers
  The ghost of Bigboy123 the Severer, a novice MiBe of Trog (D:8)
  10 deep troll shamans
  4 tengu warriors
  The ghost of Nilihum the Prestidigitator, a novice CoAr (D:9)
  An orc high priest (Elf:1)
  2 thrashing horrors (Depths:3)
  3 death yaks (Lair:5)
  4 hell hogs
  An occultist (Depths:1)
  18 demonic crawlers
  5 spriggan berserkers
  13 deep troll earth magi
  8 hell knights
  38 soul eaters (Pan)
  98 sun demons
  30 deep elf knights
  3 hellephant skeletons (Pan)
  A wretched star (Depths:3)
  2 shadow wraiths
  12 sixfirhies (Pan)
  7 skysharks
  5 pharaoh ants
  A skyshark (shapeshifter) (Vaults:5)
  Amaemon (D:10)
  A fire crab (Lair:4)
  9 sun moths
  10 sea snakes
  9 iron trolls
  7 flayed ghosts
  58 deep trolls
  A salamander mystic (Depths:1)
  9 orb spiders
  17 shadow demons (Pan)
  16 cherubim (Pan)
  10 arcanists
  7 glowing orange brains
  25 ironbound convokers
  11 lindwurms
  14 deep elf archers
  A glowing orange brain (shapeshifter) (Vaults:5)
  7 orc knights
  Pikel (D:7)
  34 harpies
  An eye of devastation (shapeshifter) (Depths:4)
  8 phantasmal warriors
  21 deep elf zephyrmancers
  2 oklob plants
  5 shining eyes
  51 ugly things
  An iron dragon zombie (Depths:1)
  31 deep elf pyromancers
  3 orc sorcerers (Orc:2)
  7 steelbarb worms
  5 necromancers
  20 wolf spiders
  A glowing shapeshifter (Elf:2)
  3 salamanders (Depths:1)
  A manticore (shapeshifter) (Vaults:5)
  2 fauns (Shoals:3)
  A faun (shapeshifter) (Depths:3)
  19 manticores
  5 moths of wrath
  51 large abominations
  13 merfolk sirens
  5 cyclopes
  4 black mambas
  35 elephants
  3 ice statues
  3 meliai (Spider:2)
  7 kobold blastminers
  19 vault sentinels
  A rust devil (Pan)
  2 molten gargoyles (Volcano)
  33 smoke demons (Pan)
  6 water nymphs
  An eye of devastation (Depths:1)
  9 orange demons
  3 gargoyles
  4 torpor snails
  14 cane toads
  A cane toad (shapeshifter) (Elf:1)
  4 unseen horrors
  3 hellions (Pan)
  4 tormentors (Pan)
  Maggie (D:10)
  8 rime drakes
  42 yaktaurs
  4 tengu conjurers
  10 komodo dragons
  2 freezing wraiths (Vaults:5)
  An ancient zyme (Depths:3)
  2 kobold demonologists (D:9)
  10 efreet
  5 ice devils
  5 red devils (Pan)
  A spriggan skeleton (Depths:1)
  24 hellwings (Pan)
  9 trolls
  12 hornets
  8 wind drakes
  4 polar bears
  4 tyrant leeches (Spider:2)
  A raiju (shapeshifter) (D:15)
  30 merfolk
  4 glass eyes
  16 snapping turtles
  29 tarantellas
  7 blink frogs
  9 dream sheep
  9 jumping spiders
  3 air elementals
  120 slime creatures
  23 culicivoras
  14 spriggans
  53 ynoxinuls (Pan)
  A slime creature (shapeshifter) (Depths:3)
  7 water elementals
  9 wraiths
  5 hogs (D:14)
  8 wyverns
  46 yaks
  18 humans (D:13)
  4 wargs
  7 fire bats
  6 basilisks
  14 neqoxecs (Pan)
  56 redbacks
  12 golden eyes
  21 vampire mosquitoes
  2 steam dragons
  A fire elemental (Elf:2)
  37 chaos spawn
  4 great orb of eyes simulacra (IceCv)
  23 water moccasins
  36 orc warriors
  3 ice beasts
  5 black bears
  4 small abominations (Depths:4)
  A spriggan simulacrum (Depths:1)
  26 wolves
  21 ogres
  5 boggarts (D:15)
  A centaur (D:7)
  A centaur (shapeshifter) (D:15)
  2 slime creature simulacra (IceCv)
  3 lemures (D:7)
  3 elf zombies (Ossuary)
  8 kobold brigands
  12 bullfrogs
  4 gnoll sergeants (D:8)
  A bullfrog (shapeshifter) (Elf:3)
  6 scorpions
  4 glowing shapeshifter simulacra (IceCv)
  An earth elemental (Elf:2)
  A burial acolyte (Ossuary)
  11 wights
  3 killer bees (D:8)
  4 electric eels
  4 howler monkeys
  4 lava snakes (Volcano)
  A centaur zombie (Ossuary)
  A human zombie (Ossuary)
  4 hounds
  Crazy Yiuf (D:7)
  5 jellies
  2 gnoll boudas
  28 orc priests
  3 sleepcaps
  11 starcursed masses (Depths:3)
  6 iguanas
  37 orc wizards
  2 polar bear simulacra (Lair:2)
  5 shapeshifter simulacra (IceCv)
  5 yak simulacra (Lair:2)
  A wolf simulacrum (Lair:2)
  2 bullfrog simulacra (Ossuary)
  3 mummies (Ossuary)
  31 gnolls
  7 adders
  A river rat (Sewer)
  3 shadow imps
  4 white imps
  2 ufetubi (D:7)
  5 adder zombies (Ossuary)
  7 ribbon worms
  3 dart slugs
  139 orcs
  8 ball pythons
  7 endoplasms
  4 giant cockroaches
  2 gnoll zombies (Ossuary)
  9 goblins
  13 hobgoblins
  18 jackals
  21 kobolds
  3 quokkas (D:1)
  5 ball python zombies (Ossuary)
  3 bats
  6 frilled lizards
  A hobgoblin zombie (D:4)
  5 jackal zombies (Ossuary)
  3 kobold zombies (Ossuary)
  2 orc zombies (Ossuary)
  7 rats
  3 river rat simulacra (Lair:2)
  2 fire vortices (Pan)
  3 spectral weapons
  A starspawn tentacle (Depths:3)
  9 tentacles (Shoals:4)
3199 creatures vanquished.

Vanquished Creatures (collateral kills)
  2 Executioners (Pan)
  A hellephant skeleton (Pan)
3 creatures vanquished.

Vanquished Creatures (others)
  Nikola (Shoals:1)
  A lich (Pan)
  A deep elf sorcerer (Elf:3)
  2 demonspawn blood saints (Pan)
  A merfolk aquamancer (Shoals:4)
  An orc high priest (Elf:2)
  A deep elf knight (Elf:2)
  A sea snake (Shoals:4)
  An arcanist (D:13)
  A manticore (Shoals:2)
  A komodo dragon (Lair:4)
  A tengu conjurer (Depths:2)
  A hellwing (Pan)
  A merfolk (Shoals:3)
  A slime creature (IceCv)
  A culicivora (Spider:4)
  A water elemental (Shoals:2)
  A kobold (D:9)
  4 starspawn tentacles (Depths:3)
  26 tentacles (Shoals:4)
49 creatures vanquished.

Grand Total: 3251 creatures vanquished

Notes
Turn   | Place    | Note
-------+----------+-------------------------------------------
     0 | D:1      | Dirtsage the Demonspawn Monk began the quest for the Orb.
     0 | D:1      | Reached XP level 1. HP: 18/18 MP: 1/1
     4 | D:1      | Found a faded altar of an unknown god.
   144 | D:1      | Gained mutation: You regenerate a little health from kills.
                  | [demonic ancestry]
   144 | D:1      | Reached XP level 2. HP: 24/24 MP: 2/2
   768 | D:1      | Gained mutation: When seriously injured, your blood forms
                  | armour. (AC +0) [demonic ancestry]
   768 | D:1      | Reached XP level 3. HP: 29/29 MP: 3/3
  1722 | D:2      | Gained mutation: Spells you cast may paralyse adjacent
                  | enemies. [demonic ancestry]
  1722 | D:2      | Reached XP level 4. HP: 35/35 MP: 4/4
  2064 | D:2      | Reached skill level 5 in Unarmed Combat
  2435 | D:3      | Found a glowing drain.
  2465 | D:3      | Gained mutation: When seriously injured, your blood forms
                  | thick armour. (AC +0) [demonic ancestry]
  2465 | D:3      | Reached XP level 5. HP: 27/41 MP: 5/5
  2501 | Sewer    | Entered a sewer
  2688 | Sewer    | Reached XP level 6. HP: 29/47 MP: 6/6
  3597 | D:3      | Upgraded the game from 0.32-a0-614-gd166fa89d2 to
                  | 0.32-a0-630-g46d191b0ed
  3847 | D:4      | Found a burning altar of Makhleb.
  3847 | D:4      | Found a shimmering blue altar of Sif Muna.
  4038 | D:4      | Found a staircase to the Ecumenical Temple.
  4048 | Temple   | Entered the Ecumenical Temple
  4075 | Temple   | Became a worshipper of the Wu Jian Council
  4075 | Temple   | Reached * piety under Wu Jian
  4075 | Temple   | Reached ** piety under Wu Jian
  4142 | D:4      | Found a sand-covered staircase.
  4150 | Ossuary  | Entered an ossuary
  4238 | Ossuary  | Gained mutation: You have sharp fingernails. [demonic
                  | ancestry]
  4238 | Ossuary  | Reached XP level 7. HP: 48/52 MP: 7/7
  5295 | D:5      | Entered Level 5 of the Dungeon
  5302 | D:5      | Gained mutation: You regenerate health from kills. [demonic
                  | ancestry]
  5302 | D:5      | Reached XP level 8. HP: 57/58 MP: 8/8
  5516 | D:5      | Reached *** piety under Wu Jian
  5534 | D:5      | Reached skill level 1 in Shields
  6041 | D:5      | Found Meop's General Store.
  6048 | D:5      | Bought a scroll of teleportation for 30 gold pieces
  6048 | D:5      | Bought a potion of curing for 30 gold pieces
  6048 | D:5      | Bought a scroll of identify for 20 gold pieces
  6663 | D:6      | Gained mutation: You have very sharp fingernails. [demonic
                  | ancestry]
  6663 | D:6      | Reached XP level 9. HP: 66/66 MP: 9/9
  6799 | D:6      | Reached skill level 10 in Unarmed Combat
  7190 | D:6      | Reached **** piety under Wu Jian
  7293 | D:6      | Reached skill level 1 in Armour
  7543 | D:6      | Reached skill level 5 in Fighting
  7752 | D:6      | Reached skill level 5 in Shields
  8161 | D:7      | Noticed Pikel
  8180 | D:7      | Reached ***** piety under Wu Jian
  8197 | D:7      | Killed Pikel
  8198 | D:7      | Gained mutation: You have claws for hands. [demonic
                  | ancestry]
  8198 | D:7      | Reached XP level 10. HP: 63/74 MP: 10/10
  8433 | D:7      | Found a runed translucent door.
  8434 | D:7      | Noticed Crazy Yiuf
  8445 | D:7      | Killed Crazy Yiuf
  8904 | D:8      | Found a radiant altar of Vehumet.
  9177 | D:8      | Found a bloodstained altar of Trog.
  9177 | D:8      | Noticed Bigboy123's ghost (novice MiBe)
  9177 | D:8      | Noticed a moth of wrath
  9196 | D:8      | Found a transporter.
  9200 | D:8      | Found a transporter.
  9276 | D:8      | Found an opulent altar of Gozag.
  9283 | D:8      | Found an ancient bone altar of Kikubaaqudgha.
  9284 | D:8      | Found a broken altar of Ashenzari.
  9284 | D:8      | Noticed a two-headed ogre
  9289 | D:8      | Killed a two-headed ogre
  9747 | D:9      | Found a flagged portal.
  9756 | Bailey   | Entered a bailey
  9785 | Bailey   | Gained mutation: Spells you cast may paralyse nearby
                  | enemies. [demonic ancestry]
  9785 | Bailey   | Reached XP level 11. HP: 83/83 MP: 11/11
  9818 | Bailey   | Reached skill level 5 in Dodging
  9821 | Bailey   | Noticed a two-headed ogre
  9831 | Bailey   | Killed a two-headed ogre
 10194 | D:9      | Found a transporter.
 10196 | D:9      | Found a transporter.
 10196 | D:9      | Noticed Nilihum's ghost (novice CoAr)
 10198 | D:9      | Noticed an eight-headed hydra
 10342 | D:9      | Noticed a sixfirhy
 10896 | D:10     | Entered Level 10 of the Dungeon
 10919 | D:10     | Noticed Maggie
 10923 | D:10     | Noticed a two-headed ogre
 10933 | D:10     | Killed Maggie
 10941 | D:10     | Killed a two-headed ogre
 10942 | D:10     | Reached skill level 5 in Armour
 10963 | D:10     | Noticed Amaemon
 10983 | D:10     | Killed Amaemon
 11111 | D:11     | Noticed a green ugly thing
 11115 | D:11     | Killed a green ugly thing
 11179 | D:11     | Found a gate leading to a gauntlet.
 11187 | Gauntlet | Entered a Gauntlet
 11187 | Gauntlet | Found a transporter.
 11189 | Gauntlet | Noticed a soul eater
 11194 | Gauntlet | Found a transporter.
 11197 | Gauntlet | Found a transporter.
 11208 | Gauntlet | Found a transporter.
 11211 | Gauntlet | Found a transporter.
 11214 | Gauntlet | Noticed a green death
 11221 | Gauntlet | Found a transporter.
 11240 | Gauntlet | Found a transporter.
 11250 | Gauntlet | Found a transporter.
 11260 | Gauntlet | Found a transporter.
 11273 | Gauntlet | Noticed a blizzard demon
 11275 | Gauntlet | Found a transporter.
 11283 | Gauntlet | Noticed a tengu warrior
 11288 | Gauntlet | Found a transporter.
 11291 | Gauntlet | Found a transporter.
 11330 | Gauntlet | Found a transporter.
 11351 | Gauntlet | Found a transporter.
 11485 | Gauntlet | Killed a tengu warrior
 11486 | Gauntlet | Reached XP level 12. HP: 84/92 MP: 12/12
 11532 | Gauntlet | Identified the +3 helmet of Hopscotch {rCorr Str+3 Int-4
                  | Dex+3}
 11606 | Gauntlet | Identified the +4 scimitar "Liral" {antimagic, *Noise rElec
                  | Will+ Dex+2}
 11606 | Gauntlet | Noticed a minotaur
 11615 | Gauntlet | Killed a minotaur
 12179 | D:11     | Found a staircase to the Orcish Mines.
 12275 | D:10     | Found a staircase to the Lair.
 12447 | D:10     | Found Cacsoec's Book Shop.
 12448 | D:10     | Noticed a walking crystal tome
 12448 | D:10     | Noticed a walking frostbound tome
 12608 | D:10     | Found a sparkling altar of Nemelex Xobeh.
 12881 | Lair:1   | Entered Level 1 of the Lair of Beasts
 13395 | Lair:1   | Reached skill level 10 in Shields
 13443 | Lair:1   | Reached ****** piety under Wu Jian
 13658 | Lair:2   | Reached XP level 13. HP: 88/99 MP: 13/13
 13711 | Lair:2   | Found a frozen archway.
 13730 | IceCv    | Entered an ice cave
 14067 | IceCv    | Noticed a quicksilver ooze
 14095 | IceCv    | Killed a quicksilver ooze
 14286 | IceCv    | Noticed a quicksilver ooze
 14294 | IceCv    | Killed a quicksilver ooze
 14477 | IceCv    | Found a viscous altar of Jiyva.
 14477 | IceCv    | Noticed an azure jelly
 14494 | IceCv    | Killed an azure jelly
 14706 | IceCv    | Noticed a quicksilver ooze
 14716 | IceCv    | Killed a quicksilver ooze
 15205 | Lair:2   | Found a hole to the Spider Nest.
 16135 | Lair:3   | Noticed Rupert
 16140 | Lair:3   | Noticed Josephine
 16142 | Lair:3   | Paralysed by Rupert for 3 turns
 16406 | Lair:3   | Found a staircase to the Shoals.
 16462 | Lair:3   | Killed Josephine
 16490 | Lair:4   | Reached XP level 14. HP: 88/109 MP: 14/14
 16854 | Lair:4   | Reached skill level 10 in Fighting
 17574 | Lair:5   | Entered Level 5 of the Lair of Beasts
 17697 | Lair:5   | Reached skill level 15 in Unarmed Combat
 17779 | Lair:5   | Got an earthy gem with 248 turns to spare
 17880 | Lair:5   | Found a staircase to the Slime Pits.
 18080 | Lair:5   | Identified the +4 ring mail of Nemelex Xobeh, Glowing
                  | {rElec}
 18444 | Lair:5   | Reached XP level 15. HP: 117/117 MP: 15/15
 18908 | Lair:5   | Identified a scroll of acquirement
 18908 | Lair:5   | Acquired the +0 pair of boots "Eliajigo" {rN+ Int+2}
 19294 | Lair:3   | Identified the +0 robe of the Volcano {Harm Rampage Int-2
                  | SInv}
 19521 | Orc:1    | Entered Level 1 of the Orcish Mines
 19841 | Orc:2    | Entered Level 2 of the Orcish Mines
 19841 | Orc:2    | Found a staircase to the Elven Halls.
 19842 | Orc:2    | Paralysed by an orc sorcerer for 2 turns
 20039 | Orc:1    | Found a dark tunnel.
 20046 | Volcano  | Entered a volcano
 20127 | Volcano  | Found a burning altar of Makhleb.
 20483 | Orc:2    | Found a roughly hewn altar of Beogh.
 20499 | Orc:2    | Found Hugih's Distillery.
 20504 | Orc:2    | Bought a potion of invisibility for 104 gold pieces
 20504 | Orc:2    | Bought a potion of enlightenment for 65 gold pieces
 20693 | Orc:2    | Found Qyowif's Antique Weapon Emporium.
 20694 | Orc:2    | Found a roughly hewn altar of Beogh.
 20697 | Orc:2    | Found Muerpha's Antique Armour Shoppe.
 20722 | Orc:2    | Found a roughly hewn altar of Beogh.
 20748 | Orc:2    | Found a roughly hewn altar of Beogh.
 20783 | Orc:2    | Found a roughly hewn altar of Beogh.
 20922 | Orc:2    | Found a roughly hewn altar of Beogh.
 20938 | Orc:2    | Found Zuothredi's Assorted Antiques.
 20946 | Orc:2    | Bought a potion of might for 104 gold pieces
 20946 | Orc:2    | Bought 2 potions of attraction for 156 gold pieces
 21430 | D:10     | Bought Maxwell's Memoranda for 480 gold pieces
 21435 | D:10     | Learned a level 4 spell: Vhi's Electric Charge
 21809 | D:12     | Reached skill level 1 in Air Magic
 21821 | D:12     | Reached skill level 1 in Translocations
 22768 | D:13     | Found a gate to the Vaults.
 23010 | D:13     | Reached XP level 16. HP: 126/126 MP: 16/16
 23564 | Spider:1 | Entered Level 1 of the Spider Nest
 24106 | Spider:1 | Reached skill level 10 in Dodging
 24428 | Spider:1 | Upgraded the game from 0.32-a0-630-g46d191b0ed to
                  | 0.32-a0-640-gc5db3fc80f
 25142 | Spider:2 | Reached skill level 10 in Armour
 25272 | Spider:2 | Noticed Asterion
 25350 | Spider:2 | Noticed Arachne
 25370 | Spider:2 | Killed Arachne
 25608 | Spider:2 | Noticed an Executioner
 25611 | Spider:2 | Killed Asterion
 27557 | Spider:3 | Reached XP level 17. HP: 83/133 MP: 17/17
 27975 | Spider:4 | Entered Level 4 of the Spider Nest
 27975 | Spider:4 | Noticed Roxanne
 28594 | Spider:4 | Killed Roxanne
 28954 | Spider:4 | Found a hide-covered altar of Uskayaw.
 28997 | Spider:4 | Reached skill level 1 in Shapeshifting
 29672 | Spider:4 | Reached skill level 15 in Shields
 29990 | Spider:4 | Gained mutation: When seriously injured, your blood forms
                  | very thick armour. (AC +0) [demonic ancestry]
 29990 | Spider:4 | Reached XP level 18. HP: 142/142 MP: 9/18
 30011 | Spider:4 | Got a gossamer rune of Zot
 30301 | Shoals:1 | Entered Level 1 of the Shoals
 30332 | Shoals:1 | Reached skill level 5 in Air Magic
 30405 | Shoals:1 | Reached skill level 5 in Shapeshifting
 30718 | Shoals:1 | Reached skill level 5 in Translocations
 31187 | Shoals:1 | Noticed Nikola
 31212 | Shoals:1 | Killed Nikola
 32749 | Shoals:3 | Noticed Jorgrun
 32760 | Shoals:3 | Killed Jorgrun
 32972 | Shoals:3 | Found a runed translucent gate.
 32973 | Shoals:3 | Found a runed translucent gate.
 32974 | Shoals:3 | Found a runed translucent gate.
 32976 | Shoals:3 | Noticed alja1234's ghost (journeyman SpAl)
 32995 | Shoals:3 | Noticed Ilsuiw
 33013 | Shoals:3 | Gained mutation: Your magical and physical power is
                  | slightly enhanced at high health. [demonic ancestry]
 33013 | Shoals:3 | Reached XP level 19. HP: 148/148 MP: 19/19
 33024 | Shoals:3 | Killed Ilsuiw
 33044 | Shoals:3 | Killed alja1234's ghost
 33077 | Shoals:3 | Noticed Donald
 33085 | Shoals:3 | Killed Donald
 33482 | Shoals:3 | Got the Papyrus of Momentum
 33943 | Shoals:3 | Identified the +0 cloak "Utuduah" {Rampage rN++ Will++}
 34084 | Shoals:4 | Entered Level 4 of the Shoals
 35895 | Shoals:4 | Got a barnacled rune of Zot
 37187 | D:14     | Noticed Louise
 37204 | D:14     | Killed Louise
 37296 | D:14     | Acquired 934 gold pieces
 37430 | D:14     | Reached skill level 10 in Shapeshifting
 37434 | D:14     | Noticed Kirke
 37451 | D:14     | Killed Kirke
 37501 | D:14     | You are sucked into a shaft and drop 1 floor!
 37501 | D:15     | Entered Level 15 of the Dungeon
 37516 | D:15     | Found a shadowy altar of Dithmenos.
 38336 | D:14     | Found Leoh's General Store.
 38341 | D:14     | Bought a potion of might for 52 gold pieces
 38341 | D:14     | Bought a scroll of revelation for 97 gold pieces
 38760 | D:15     | Found a staircase to the Depths.
 39244 | Elf:1    | Entered Level 1 of the Elven Halls
 39274 | Elf:1    | Gained mutation: Spells you cast and wands you use may
                  | paralyse nearby enemies. [demonic ancestry]
 39274 | Elf:1    | Reached XP level 20. HP: 139/155 MP: 20/20
 40484 | Elf:1    | Found a burning altar of Makhleb.
 40507 | Elf:1    | Found a roughly hewn altar of Beogh.
 40641 | Elf:2    | Noticed Norris
 40641 | Elf:2    | Found Qinyxus's Weapon Emporium.
 40915 | Elf:2    | Gained mutation: Your body sometimes deteriorates upon
                  | taking damage. [a shining eye]
 40999 | Elf:2    | Paralysed by an air elemental for 1 turns
 41058 | Elf:2    | Found Doadod's CLEARANCE SALE!.
 41147 | Elf:2    | Found a shimmering blue altar of Sif Muna.
 41465 | Elf:2    | Found a runed translucent gate.
 41465 | Elf:2    | Found a runed translucent gate.
 41465 | Elf:2    | Found a runed translucent gate.
 41915 | Elf:3    | Entered Level 3 of the Elven Halls
 42044 | Elf:3    | Reached skill level 15 in Shapeshifting
 42289 | Elf:3    | Found the +7 great mace "Firestarter" {flame, immolate,
                  | rFlCloud rF++}
 42289 | Elf:3    | Found the +3 pair of mountain boots {steadfast, rC+}
 42291 | Elf:3    | Identified the +0 leather armour "Suog Dai" {rElec Will+
                  | Dex+3 Stlth-}
 42306 | Elf:3    | Got the Catalogue of Tephra and Conflict
 42313 | Elf:3    | Identified the +1 robe of the Worm {rCorr}
 42339 | Elf:3    | Identified the +5 kite shield "Osen" {Regen+ Str-5 Dex+5}
 42514 | Elf:3    | Gained mutation: You regenerate a lot of health from kills.
                  | [demonic ancestry]
 42514 | Elf:3    | Reached XP level 21. HP: 160/160 MP: 12/21
 42675 | Elf:3    | Found Ucuytai's General Store.
 42686 | Elf:3    | Bought 2 potions of heal wounds for 150 gold pieces
 42686 | Elf:3    | Bought a scroll of fear for 60 gold pieces
 42910 | Elf:1    | Killed Norris
 43094 | Depths:1 | Entered Level 1 of the Depths
 43134 | Depths:1 | Found a gateway to Hell.
 43417 | Depths:1 | Found Munahush's Distillery.
 43417 | Depths:1 | Found Demidin's Antique Armour Shop.
 43425 | Depths:1 | Bought a potion of haste for 160 gold pieces
 43425 | Depths:1 | Bought a potion of enlightenment for 80 gold pieces
 43425 | Depths:1 | Bought a potion of curing for 48 gold pieces
 43425 | Depths:1 | Bought a potion of attraction for 48 gold pieces
 43425 | Depths:1 | Bought a potion of might for 64 gold pieces
 43425 | Depths:1 | Bought a potion of berserk rage for 80 gold pieces
 43425 | Depths:1 | Bought a potion of lignification for 48 gold pieces
 43601 | Depths:1 | Found a one-way gate leading to the halls of Pandemonium.
 43665 | Depths:1 | Found Wofeyfots's Assorted Antiques.
 43673 | Depths:1 | Bought a scroll of teleportation for 111 gold pieces
 43673 | Depths:1 | Bought a scroll of fear for 148 gold pieces
 43726 | Depths:1 | Noticed Sojobo
 43733 | Depths:1 | Killed Sojobo
 44093 | Depths:2 | Reached skill level 1 in Spellcasting
 44121 | Depths:2 | Identified the +7 dagger "Honuf" {flame, Dex+6}
 44328 | Depths:2 | Noticed a caustic shrike
 44341 | Depths:2 | Killed a caustic shrike
 44392 | Depths:2 | Identified the +2 robe of Darkness {Str+2 Int+7 Dex-4
                  | Stlth+}
 44392 | Depths:2 | Noticed Boris
 44398 | Depths:2 | Killed Boris
 44862 | Depths:2 | Reached XP level 22. HP: 163/169 MP: 26/26
 45123 | Depths:2 | Upgraded the game from 0.32-a0-640-gc5db3fc80f to
                  | 0.32-a0-656-g3542139ebd
 45341 | Depths:2 | Identified the +10 short sword "Myezxoud" {flame, *Noise
                  | rF+ Stlth+}
 45342 | Depths:2 | Got Adag's Octavo of Assembled Grit
 45473 | Depths:2 | Identified the +7 flail of the Many Ultimatums {flame,
                  | ^Contam Will+ rCorr Dex+8}
 45758 | Depths:3 | Noticed the Enchantress
 45781 | Depths:3 | Killed the Enchantress
 45799 | Depths:3 | Found a transporter.
 45952 | Depths:3 | Found an iron altar of Okawaru.
 46011 | Depths:3 | Found a one-way gate to the infinite horrors of the Abyss.
 46033 | Depths:3 | Found a corrupted altar of Lugonu.
 46333 | Depths:3 | Found a hazy altar of Hepliaklqana.
 46384 | Depths:3 | Acquired 587 gold pieces
 46558 | Depths:3 | Found a transporter.
 46571 | Depths:4 | Entered Level 4 of the Depths
 46582 | Depths:4 | Reached skill level 10 in Translocations
 46620 | Depths:4 | Reached skill level 10 in Air Magic
 46691 | Depths:4 | Gained mutation: You have hidden genetic potential. [a
                  | shining eye]
 46702 | Depths:4 | Gained mutation: Your natural rate of healing is unusually
                  | fast. [a shining eye]
 46707 | Depths:4 | Noticed a juggernaut
 46717 | Depths:4 | Killed a juggernaut
 46953 | Depths:4 | Noticed a caustic shrike
 46954 | Depths:4 | Noticed a caustic shrike
 46954 | Depths:4 | Noticed a caustic shrike
 46956 | Depths:4 | Noticed a caustic shrike
 46958 | Depths:4 | Killed a caustic shrike
 46968 | Depths:4 | Killed a caustic shrike
 46971 | Depths:4 | Killed a caustic shrike
 46980 | Depths:4 | Killed a caustic shrike
 47154 | Depths:4 | Found a one-way gateway to a ziggurat.
 47381 | Depths:4 | Found a gate to the Realm of Zot.
 47853 | Slime:1  | Entered Level 1 of the Pits of Slime
 47983 | Slime:3  | Paralysed by a formless jellyfish for 1 turns
 48044 | Slime:4  | Gained mutation: Your magical and physical power is
                  | enhanced at high health. [demonic ancestry]
 48044 | Slime:4  | Reached XP level 23. HP: 119/177 MP: 29/29
 48092 | Slime:5  | Entered Level 5 of the Pits of Slime
 48180 | Slime:5  | Noticed the Royal Jelly
 48222 | Slime:5  | Killed the Royal Jelly
 48223 | Slime:5  | Reached skill level 5 in Spellcasting
 48352 | Slime:5  | Paralysed by a formless jellyfish for 1 turns
 48356 | Slime:5  | Paralysed by a formless jellyfish for 1 turns
 48405 | Slime:5  | Gained mutation: You are dopey. (Int -2) [a shining eye]
 48464 | Slime:5  | Paralysed by a formless jellyfish for 1 turns
 48477 | Slime:5  | Paralysed by a formless jellyfish for 1 turns
 48615 | Slime:5  | Identified the ring of the Kraken {rPois rN++}
 48616 | Slime:5  | Identified the amulet of Feugrof {Fly rF+ rC+ Regen+ Int-4}
 48651 | Slime:5  | Got the Atlas of Unhallowed Arts
 48686 | Slime:5  | Got a slimy rune of Zot
 48687 | Slime:5  | Identified the ring of Tuok {rN+++ Will+ Str-3}
 48689 | Slime:5  | Identified the ring "Neoh" {rF+ Will+ rCorr MP+9 Stlth+}
 48699 | Slime:5  | Identified the ring of the Monkey's Uncle {^Contam +Blink
                  | Int+6 Slay+6}
 48738 | Slime:5  | Identified the +2 leather armour of Besoal {rN+ Regen+
                  | Str-4 Dex+3}
 49210 | Vaults:1 | Entered Level 1 of the Vaults
 49379 | Vaults:1 | Gained mutation: You have sharp toenails. [hidden
                  | potential]
 49474 | Vaults:1 | Found Deetaerch's Distillery.
 49477 | Vaults:1 | Bought a potion of haste for 130 gold pieces
 49477 | Vaults:1 | Bought a potion of heal wounds for 65 gold pieces
 49477 | Vaults:1 | Bought a potion of heal wounds for 65 gold pieces
 49477 | Vaults:1 | Bought a potion of haste for 130 gold pieces
 49477 | Vaults:1 | Bought a potion of heal wounds for 65 gold pieces
 49477 | Vaults:1 | Bought 2 potions of attraction for 78 gold pieces
 50018 | Vaults:2 | Noticed Bai Suzhen
 50024 | Vaults:2 | Killed Bai Suzhen
 50293 | Vaults:2 | Noticed Mara
 50299 | Vaults:2 | Killed Mara
 50546 | Vaults:2 | Learned a level 3 spell: Fugue of the Fallen
 50566 | Vaults:2 | Reached skill level 1 in Necromancy
 50817 | Vaults:2 | Identified the +10 great sword of Zin's Hatred {flame,
                  | Str-3 Dex+3 SInv Stlth+}
 51068 | Vaults:2 | Found a staircase to the Crypt.
 51068 | Vaults:2 | Found a basalt altar of Yredelemnul.
 51069 | Vaults:2 | Found an ancient bone altar of Kikubaaqudgha.
 51304 | Vaults:3 | Noticed Zenata
 51313 | Vaults:3 | Killed Zenata
 51341 | Vaults:3 | Gained mutation: Your magical and physical power is greatly
                  | enhanced at high health. [demonic ancestry]
 51341 | Vaults:3 | Reached XP level 24. HP: 186/186 MP: 32/32
 51352 | Vaults:3 | Reached skill level 5 in Necromancy
 51871 | Vaults:3 | Identified the +0 scale mail of Shadows and Fog {rElec
                  | rPois rF- Int+3}
 51945 | Vaults:3 | Found a huge runed translucent gate.
 51945 | Vaults:3 | Found a huge runed translucent gate.
 51945 | Vaults:3 | Found a huge runed translucent gate.
 51945 | Vaults:3 | Found a huge runed translucent gate.
 51945 | Vaults:3 | Found a huge runed translucent gate.
 51945 | Vaults:3 | Found a huge runed translucent gate.
 51946 | Vaults:3 | Found a huge runed translucent gate.
 51946 | Vaults:3 | Found a huge runed translucent gate.
 51946 | Vaults:3 | Found a huge runed translucent gate.
 51947 | Vaults:3 | Found a huge runed translucent gate.
 51947 | Vaults:3 | Found a huge runed translucent gate.
 51947 | Vaults:3 | Found a huge runed translucent gate.
 51947 | Vaults:3 | Found a huge runed translucent gate.
 51947 | Vaults:3 | Found a huge runed translucent gate.
 51947 | Vaults:3 | Found a huge runed translucent gate.
 51977 | Vaults:3 | Gained mutation: You have an increased reservoir of magic.
                  | (+10% MP) [hidden potential]
 51977 | Vaults:3 | Lost mutation: You have hidden genetic potential. [hidden
                  | potential expressed]
 52777 | Vaults:4 | Found Ickarph's Antique Armour Shoppe.
 52943 | Vaults:4 | Reached skill level 15 in Fighting
 53214 | Vaults:5 | Entered Level 5 of the Vaults
 53230 | Vaults:5 | Identified the +6 quarterstaff of Womeps {drain, Dex+4}
 53236 | Vaults:5 | Reached XP level 25. HP: 194/194 MP: 37/37
 53239 | Vaults:5 | Noticed Mennas
 53255 | Vaults:5 | Killed Mennas
 53329 | Vaults:5 | Noticed an ancient lich
 53332 | Vaults:5 | Killed an ancient lich
 53354 | Vaults:5 | Got the Folio of Mutual Vitriol
 53380 | Vaults:5 | Noticed a dread lich
 53384 | Vaults:5 | Killed a dread lich
 53454 | Vaults:5 | Identified the +8 orcbow of Impeachment {flame, rElec Int+3
                  | Stlth+}
 53573 | Vaults:5 | Acquired 414 gold pieces
 53675 | Vaults:5 | Noticed an ancient lich
 53683 | Vaults:5 | Killed an ancient lich
 53702 | Vaults:5 | Got a silver rune of Zot
 53880 | Vaults:5 | Identified the +0 ring mail "Erusoocy" {Will+}
 53905 | Vaults:5 | Got Feushoc's Tome of Glamourous Blows
 54682 | Depths:3 | Paralysed by accursed screaming for 1 turns
 54688 | Depths:3 | Paralysed by accursed screaming for 1 turns
 54691 | Depths:3 | Paralysed by accursed screaming for 1 turns
 54720 | Depths:3 | Identified the ring "Ypuclyu" {rElec rPois rC- Str-4 SInv}
 55070 | D:9      | Killed Nilihum's ghost
 55182 | D:8      | Killed Bigboy123's ghost
 55434 | Pan      | Entered Pandemonium
 55436 | Pan      | Found a runed translucent door.
 55436 | Pan      | Found a runed translucent door.
 55438 | Pan      | Noticed Kolum the pandemonium lord
 55457 | Pan      | HP: 8/254 [Ice Fiend (17)]
 55549 | Pan      | Found a runed translucent door.
 55549 | Pan      | Found a runed translucent door.
 55562 | Pan      | Killed Kolum the pandemonium lord
 55598 | Pan      | Identified the +3 mace "Tujo" {freeze, Will+ Str+4}
 55620 | Pan      | Gained mutation: Your health recovers twice as slowly from
                  | being drained. [a cacodemon]
 55621 | Pan      | Reached XP level 26. HP: 204/204 MP: 38/38
 55757 | Pan      | Identified the serpent talisman "Cyunooph" {*Slow rN+ Will+
                  | Str+3}
 55972 | Pan      | Gained mutation: Armour fits poorly on your strangely
                  | shaped body. [a neqoxec]
 56265 | Pan      | Reached skill level 10 in Necromancy
 56355 | Pan      | Acquired 635 gold pieces
 56518 | Pan      | Noticed Gyfaj the pandemonium lord
 56537 | Pan      | Killed Gyfaj the pandemonium lord
 57111 | Pan      | Learned a level 6 spell: Death Channel
 57290 | Pan      | Noticed Lowkish the pandemonium lord
 57293 | Pan      | Killed Lowkish the pandemonium lord
 57911 | Pan      | Entered the realm of Cerebov.
 57951 | Pan      | Reached skill level 15 in Necromancy
 57987 | Pan      | Identified the +1 long sword "Voer" {freeze, *Noise Str+4
                  | Dex+2}
 58183 | Pan      | Identified the amulet of Paranoia {Spirit rElec Will+ Int+3
                  | Dex-3}
 58222 | Pan      | Got the Handbook of Creeping Wildfire
 58251 | Pan      | Found the +6 sword of Cerebov {flame}
 58251 | Pan      | Noticed Cerebov
 58254 | Pan      | Identified the +10 executioner's axe of Kizinton {spect,
                  | rN+ Str-3 Int+2 Dex+3}
 58254 | Pan      | Identified the ring "Veiz" {+Blink Fly rElec rPois Dex-3}
 58276 | Pan      | Killed Cerebov
 58286 | Pan      | Identified the ring "Cessaovo" {+Blink Fly Str+2}
 58308 | Pan      | Identified the +8 short sword of Patience {venom, rPois rN+
                  | Stlth+}
 58344 | Pan      | Identified the ring of the Clean Apple {rPois Will+ Str-3
                  | Dex+5}
 58347 | Pan      | Identified the ring "Coxzoumuwu" {rF++ rC+ Stlth+}
 58382 | Pan      | Identified the +3 leather armour of Zidoa {rC- Will+ Dex+3
                  | SInv}
 58385 | Pan      | Identified the +1 ring mail of Okawaru, Sheltering {+Blink}
 58400 | Pan      | Identified the ring "Qyirphoc" {rN+ Dex+4}
 58407 | Pan      | Got a fiery rune of Zot
 58992 | Pan      | Noticed Yfethoan the pandemonium lord
 59003 | Pan      | Killed Yfethoan the pandemonium lord
 59010 | Pan      | Reached XP level 27. HP: 210/210 MP: 38/38
 59345 | Pan      | Identified the +10 hand axe of Ignis {vamp, Int+2}
 59530 | Pan      | Got a demonic rune of Zot
 59678 | Pan      | Found an exit through the horrors of the Abyss.
 59805 | Pan      | Found a transporter.
 60015 | Pan      | Found a transporter.
 60212 | Pan      | Gained mutation: You are vulnerable to cold. (rC-)
                  | [mutagenic glow]
 60237 | Pan      | Gained mutation: You are frail. (-10% HP) [mutagenic glow]
 60239 | Pan      | Got the Spellbook of Silt
 60243 | Pan      | Identified the amulet of Bisef {Spirit Int+4}
 60254 | Pan      | Identified the ring of the Conjuring Gods {^Drain Fly
                  | Will+++ Int-5 Dex+4}
 60308 | Pan      | Reached skill level 1 in Earth Magic
 60331 | Pan      | Reached skill level 2 in Earth Magic
 60463 | Pan      | Reached skill level 3 in Earth Magic
 60503 | Pan      | Reached skill level 4 in Earth Magic
 60686 | Pan      | Reached skill level 5 in Earth Magic
 60833 | Pan      | Reached skill level 6 in Earth Magic
 60870 | Pan      | Reached skill level 7 in Earth Magic
 61200 | Pan      | Entered the realm of Lom Lobon.
 61212 | Pan      | Found an exit through the horrors of the Abyss.
 61229 | Pan      | Reached skill level 8 in Earth Magic
 61456 | Pan      | Reached skill level 9 in Earth Magic
 61501 | Pan      | Noticed Lom Lobon
 61511 | Pan      | Killed Lom Lobon
 61553 | Pan      | Got a magical rune of Zot
 61759 | Pan      | Reached skill level 10 in Earth Magic
 62025 | Pan      | Reached skill level 11 in Earth Magic
 62025 | Pan      | Noticed a seraph
 62044 | Pan      | Killed a seraph
 62114 | Pan      | Identified the +6 halberd "Zerhuc" {heavy, rElec}
 62122 | Pan      | Identified the +12 morningstar of Omuror {protect, *Noise
                  | rPois Dex+3}
 62131 | Pan      | Got the Atlas of Shifting
 62241 | Pan      | Reached skill level 12 in Earth Magic
 62621 | Pan      | Reached skill level 13 in Earth Magic
 63032 | Pan      | Reached skill level 14 in Earth Magic
 63520 | Pan      | Reached skill level 15 in Earth Magic
 63660 | Pan      | Identified the amulet "Fucwoecw" {Acrobat Will- Int+6}
 63829 | Pan      | Identified the +5 tower shield of Circular Logic {rElec rF-
                  | Regen+ Int+3}
 64032 | Pan      | Reached skill level 16 in Earth Magic
 64534 | Pan      | Reached skill level 17 in Earth Magic
 64545 | Pan      | Noticed Zymioziamu the pandemonium lord
 64554 | Pan      | Killed Zymioziamu the pandemonium lord
 65130 | Pan      | Noticed Ciziepn the pandemonium lord
 65161 | Pan      | Killed Ciziepn the pandemonium lord
 65162 | Pan      | Reached skill level 18 in Earth Magic
 65168 | Pan      | Found an exit through the horrors of the Abyss.
 65627 | Pan      | Entered the realm of Gloorx Vloq.
 65887 | Pan      | Reached skill level 19 in Earth Magic
 65997 | Pan      | Noticed Gloorx Vloq
 66006 | Pan      | Killed Gloorx Vloq
 66007 | Pan      | Reached skill level 20 in Earth Magic
 66049 | Pan      | Got a dark rune of Zot
 66210 | Pan      | Found an exit through the horrors of the Abyss.
 66537 | Pan      | Learned a level 9 spell: Shatter
 66629 | Pan      | Noticed Mioggam the pandemonium lord
 66631 | Pan      | Killed Mioggam the pandemonium lord
 66655 | Pan      | Reached skill level 21 in Earth Magic
 66843 | Pan      | Killed from afar by a hellion

Illustrated notes

Levels and vault maps discovered:
D:1:      minmay_arrival_stone_box, layout_basic,
          ebering_ecumenical_altar_ruins, minmay_tromino_i2
D:2:      cheibrodos_greedy_goblins, layout_loops_corners
D:3:      layout_loops_cross, gup_sewer_entry_glass
D:4:      layout_loops_corners, chequers_temple_overflow_statue_of_worship,
          minmay_temple_entry_large_hall, enter_ossuary_3
D:5:      lemuel_castle_with_subvaults [lemuel_castle_interior_carwin_3],
          layout_gridville, serial_shops, nicolae_shop_trees,
          minmay_crystal_room, kennysheep_generic_room_6
D:6:      layout_basic
D:7:      layout_basic, uniq_pikel, uniq_crazy_yiuf_cottage
D:8:      layout_loops_cross, mainiacjoe_overflow_cross_hatched,
          grunt_temple_overflow_open, gammafunk_ghost_wrathful_warriors,
          minmay_lizard_king
D:9:      layout_stronghold, gammafunk_ghost_arena, enter_bailey_2
D:10:     layout_basic, nemelex_spade_bored_becter,
          grunt_lair_entry_orc_guard_hut, serial_shops, nicolae_shop_mannequins,
          uniq_amaemon, uniq_maggie
D:11:     layout_gridville, orc_0_dummy, gauntlet_entry_generic
D:12:     layout_cave_pods, serial_glass, glass_columns_a, glass_columns_a,
          item_on_display_a, due_unseen_surprise, item_on_display_a
D:13:     layout_stronghold, grunt_vaults_entry_tiered, minmay_door_square
D:14:     layout_stronghold, serial_shops, nicolae_shop_pleasant_corner_grove,
          patterned_corridor, fountainhead, uniq_louise, uniq_kirke
D:15:     grunt_enter_depths_snipers, layout_irregular_city,
          nicolae_dithmenos_through_a_glass_darkly, minmay_misc_feat_nine_boxes,
          beargit_elvish_explorers
Temple:   bh_familiar_temple
Lair:1:   layout_chaotic_city, basic_altar
Lair:2:   layout_loops_ring, spider_nest_entry_web_field,
          portal_ice_cave_demonic_guard, eino_house_with_fridge,
          grunt_megastairs_3
Lair:3:   layout_roguey, minmay_shoals_entry_beasts, uniq_rupert, uniq_josephine
Lair:4:   layout_cellular_growth, serial_bayou_shore_b, lemuel_fruit_tree
Lair:5:   hangedman_lair_in_review, layout_layer_cave,
          minmay_slime_entry_pillars, small_statue_intersection
Shoals:1: layout_shoals, dpeg_stationary_puzzle, uniq_nikola
Shoals:2: layout_shoals
Shoals:3: layout_shoals, gammafunk_ghost_tricky_traps, uniq_donald, uniq_ilsuiw,
          uniq_jorgrun
Shoals:4: shoals_end_simple, layout_shoals
Spider:1: layout_spider_delve
Spider:2: layout_spider_delve, nicolae_spider_swamp_cousins, uniq_asterion,
          uniq_arachne
Spider:3: layout_chambers
Spider:4: spider_rune_water, nicolae_spider_altar_of_dancing, uniq_roxanne
Slime:1:  layout_caves
Slime:2:  layout_caves, nicolae_slime_welcoming_committee
Slime:3:  layout_caves
Slime:4:  layout_caves
Slime:5:  slime_pit_nicolae_trefoil
Orc:1:    layout_caves, enter_volcano_4
Orc:2:    grunt_orc_community_town_hall, layout_caves,
          grunt_orc_community_big_house_2, grunt_orc_community_big_house_2,
          grunt_orc_community_house_2, grunt_orc_community_house_1,
          grunt_orc_community_house_2, grunt_orc_community_house_3,
          grunt_orc_community_house_3, grunt_orc_community_house_3, special_room
Elf:1:    layout_loops_corners, nicolae_elf_theology_debate,
          minmay_misc_feat_pillars, serial_sigils_hangedman_stare
Elf:2:    elven_hall_of_blades_hangedman_original
          [nicolae_blade_entry_sentries_behind_glass], layout_geoelf_octagon,
          serial_shops, nicolae_stop_n_shop_2, basic_altar,
          nicolae_shop_clearance, uniq_norris
Elf:3:    minmay_elf_hall_dome, layout_rooms, serial_shops, shop
Vaults:1: vaults_dpeg_hooks, nicolae_vaults_sightless_eye,
          nicolae_vaults_what_the_h, nicolae_vaults_ellipses_ellipsis,
          nicolae_vaults_turnstiles, hangedman_vaults_maws,
          nicolae_vaults_double_plus_1, grunt_vaults_swirl,
          vaults_room_door_ring, nicolae_vaults_asterisk,
          nicolae_vaults_house_2, nicolae_vaults_apartment_2,
          nicolae_vaults_specimen_jars, layout_vaults_maze_snakey, serial_shops,
          nicolae_shop_tiny_real_fake_doors
Vaults:2: grunt_vaults_diagonal, nicolae_vaults_network_periphery,
          ontoclasm_vaults_loading_screen, v_misc_25,
          minmay_crypt_entry_necro_gods, nicolae_vaults_network_barrier,
          v_misc_9, nicolae_vaults_security_offices_3, v_pattern_2,
          nicolae_vaults_cochlea, ontoclasm_vaults_ligature,
          nicolae_vaults_heart-shaped_vault, layout_vaults_omnigrid, uniq_mara,
          uniq_bai_suzhen
Vaults:3: door_vault, hangedman_vaults_pinch,
          nicolae_vaults_trapezoid_lopsided_3, vaults_mumra_hex,
          nicolae_vaults_trapezoid_lopsided_4, hangedman_vaults_locks,
          nicolae_vaults_diamond_2, nicolae_vaults_house_3,
          nicolae_vaults_storage_closets_3, nicolae_vaults_little_ls,
          vaults_room_hallway, nicolae_vaults_closet_pinwheel_2,
          nicolae_vaults_tetromino_L_2, ontoclasm_vaults_decontamination,
          nicolae_vaults_trapezoid_lopsided_3, layout_vaults_ring, uniq_margery,
          uniq_zenata
Vaults:4: nicolae_vaults_rhombus_5, vaults_room_stairs_pillars,
          nicolae_vaults_six-pack, vaults_standard_mumra_lines,
          vaults_room_grunt_arrival_checkpoint, ontoclasm_vaults_spin,
          grunt_vaults_hallway_long, nicolae_vaults_trapezoid_1, v_misc_30,
          ontoclasm_vaults_pinch, vaults_room_fours, vaults_dpeg_diagonal,
          layout_vaults_big_room, serial_shops, nicolae_shop_peninsula
Vaults:5: uniq_mennas
Depths:1: layout_small_grid, rand_demon_pan_entry_4,
          nicolae_hell_entry_hellmouth_sunbeams, serial_shops,
          nicolae_shop_competitors_out_of_business, minmay_misc_feat_tower,
          due_unseen_surprise, minmay_shoptagon, uniq_sojobo
Depths:2: minmay_the_grid_triangle_9x9_rhombus_thin
          [minmay_the_grid_triangle_9x9_flanged_cone,
          minmay_the_grid_triangle_9x9_prize_top_heavy,
          minmay_the_grid_triangle_9x9_steps,
          minmay_the_grid_triangle_9x9_dagger], layout_basic, pan_entry,
          hell_entry, firewood_loft, infiniplex_staircase_squiggle, uniq_boris
Depths:3: gammafunk_corrupted_shrine, layout_basic, abyss_entry_crystal,
          okawaru_trees_1, pf_coc_iceberg, nicolae_hepliaklqana_hazy_memory,
          infiniplex_staircase_zigzag_4, serial_bayou_shore_b, uniq_josephina,
          uniq_enchantress
Depths:4: grunt_zot_entry_bicorn, layout_honeycomb, enter_ziggurat_e,
          minmay_misc_feat_secret_circle, hell_entry, minmay_room_of_horrors
Pan:      rand_demon_7, layout_gridville, pan_blood_fountain_1,
          reaverb_pan_figure_eight, nicolae_pan_cerebovesque_3, rand_demon_4,
          layout_grid_shapes, evilmike_mini_pan_possible_glass, layout_chambers,
          pan_blood_fountain_2, cerebov_grunt_fire_and_steel, layout_small_grid,
          rand_demon_3, layout_irregular_city, nicolae_pan_lom_lobonic_4,
          gammafunk_its_a_trap, layout_basic, pan_blood_fountain_small,
          evilmike_mini_pan_pillars, layout_stronghold,
          nicolae_pan_gloorx_vloqian_4, lom_lobon, layout_gridlike,
          nicolae_pan_lom_lobonic_3, evilmike_holy_pan, pan_disco_hall,
          layout_long_grid, rand_demon_6, layout_basic,
          pan_blood_fountain_small, pan_blood_fountain_1,
          nicolae_pan_gloorx_vloqian_4, gloorx_vloq_st, layout_onion_city,
          nicolae_pan_gloorx_vloqian_2, lemuel_hellion_island, layout_gridlike,
          reaverb_pan_squares

Skill      XL: |  1  2  3  4  5  6  7  8  9 10 11 12 13 14 15 16 17 18 19 20 21 22 23 24 25 26 27 |
---------------+----------------------------------------------------------------------------------+-----
Unarmed Combat | 3 4 5 6 7 8 9 10 11 12 13 14 15 16 17 18 19 20 | 20.6
Shields        | 3 5 7 8 10 11 12 13 14 15 16 17 18 19 | 19.0
Fighting       | 4 5 6 7 8 9 10 11 12 13 14 15 | 15.9
Dodging        | 3 4 6 7 8 9 10 11 12 | 12.7
Armour         | 2 4 5 6 7 8 9 10 11 12 | 12.0
Air Magic      | 1 4 6 8 9 10 11 | 11.2
Translocations | 1 4 6 8 9 10 11 | 11.2
Shapeshifting  | 4 6 11 15 16 17 18 | 18.8
Spellcasting   | 2 4 6 7 8 |  8.0
Necromancy     | 4 6 7 17 19 | 19.6
Earth Magic    | 21 | 21.0

Action                     |  1- 3 |  4- 6 |  7- 9 | 10-12 | 13-15 | 16-18 | 19-21 | 22-24 | 25-27 || total
---------------------------+-------+-------+-------+-------+-------+-------+-------+-------+-------++-------
  Melee: Unarmed           |   129 |   358 |   534 |   857 |  1645 |  1448 |  2024 |  1946 |  2787 || 11728
         Kick              |       |       |       |       |       |       |       |   331 |  1119 ||  1450
  Throw: Dart              |       |       |       |     1 |     1 |     1 |       |       |       ||     3
   Cast: Vhi's Electric Ch |       |       |       |       |       |       |     4 |     7 |    47 ||    58
         Fugue of the Fall |       |       |       |       |       |       |       |     8 |       ||     8
         Death Channel     |       |       |       |       |       |       |       |       |     2 ||     2
 Invoke: Serpent's Lash    |       |       |     1 |     3 |     4 |     1 |     7 |     6 |    11 ||    33
         Heavenly Storm    |       |       |       |     1 |     2 |     3 |     3 |     3 |     4 ||    16
Ability: Whirlwind         |       |    28 |   187 |   425 |   695 |   390 |   687 |   806 |   801 ||  4019
         Lunge             |       |     4 |    47 |    51 |    90 |    69 |   186 |   116 |   260 ||   823
         Wall Jump         |       |       |       |     1 |       |       |       |     2 |       ||     3
  Evoke: Wand              |       |       |       |     2 |     2 |     2 |     2 |       |     1 ||     9
         Phantom mirror    |       |       |       |       |       |       |     1 |       |       ||     1
    Use: Scroll            |     3 |     8 |     7 |     1 |     9 |     2 |     8 |     2 |     6 ||    46
         Potion            |       |     6 |       |     3 |     7 |     6 |     2 |     6 |     7 ||    37
   Stab: Distracted        |       |       |       |       |       |       |     1 |     4 |    13 ||    18
         Sleeping          |       |       |       |       |       |       |       |     9 |       ||     9
         Paralysed         |       |       |       |       |       |       |       |     7 |     4 ||    11
 Armour: Robe              |    12 |       |       |       |       |       |       |       |       ||    12
         Scale mail        |    49 |   271 |   203 |    71 |       |       |       |       |       ||   594
         Fire dragon scale |       |       |       |   232 |   340 |       |       |       |       ||   572
         Skin              |       |       |       |     7 |    29 |       |   222 |   728 |  1341 ||  2327
         Crystal plate arm |       |       |       |       |    77 |   120 |   617 |       |       ||   814
         Plate armour      |       |       |       |       |    83 |   637 |       |       |       ||   720
         Acid dragon scale |       |       |       |       |       |       |       |   143 |       ||   143
  Dodge: Dodged            |    60 |   152 |    88 |   145 |   316 |   361 |   355 |   870 |  1413 ||  3760
         Repelled          |       |       |       |       |     9 |    14 |     3 |       |       ||    26
  Block: Tower shield      |       |       |   349 |   867 |   169 |       |       |       |       ||  1385
         Reflection        |       |       |     9 |    17 |    34 |    14 |    79 |    11 |       ||   164
         Kite shield       |       |       |       |       |   835 |  1089 |  1259 |  1628 |  2100 ||  6911
   Form: Statue            |       |       |       |       |       |       |     2 |     3 |       ||     5
                           |       |       |       |       |       |       |     1 |     3 |       ||     4

Table legend: (Time is in decaauts)
 A = Elapsed time spent in this place.
 B = Non-inter-level travel time spent in this place.
 C = Inter-level travel time spent in this place.
 D = Time resting spent in this place.
 E = Time spent auto-exploring this place.
 F = Levels seen in this place.
 G = Mean time per level.
                   A        B        C        D        E       F      G
               +--------+--------+--------+--------+--------+-----+--------+
         Total |  76832 |  71619 |   5213 |   2316 |  50307 |  67 | 1146.7 |
       Dungeon |  16629 |  14198 |   2431 |    337 |  10541 |  15 | 1108.6 |
        Temple |     53 |      2 |     51 |      0 |      0 |   1 |   53.0 |
          Lair |   5652 |   5022 |    630 |    402 |   3292 |   5 | 1130.4 |
        Shoals |   6526 |   6373 |    153 |    272 |   4923 |   4 | 1631.5 |
   Spider Nest |   6508 |   6205 |    303 |    290 |   4292 |   4 | 1627.0 |
    Slime Pits |   1073 |    966 |    107 |     40 |    364 |   5 |  214.6 |
  Orcish Mines |   1579 |   1401 |    178 |      0 |    923 |   2 |  789.5 |
   Elven Halls |   3953 |   3745 |    208 |    104 |   2818 |   3 | 1317.7 |
        Vaults |   7597 |   7324 |    273 |      0 |   5776 |   5 | 1519.4 |
        Depths |   7049 |   6175 |    874 |      0 |   4583 |   4 | 1762.2 |
   Pandemonium |  16452 |  16452 |      0 |      0 |  11224 |  13 | 1265.5 |
         Sewer |    630 |    630 |      0 |      0 |    419 |   1 |  630.0 |
       Ossuary |    454 |    454 |      0 |      0 |    283 |   1 |  454.0 |
        Bailey |    379 |    379 |      0 |    214 |     36 |   1 |  379.0 |
      Ice Cave |   1357 |   1357 |      0 |    564 |    352 |   1 | 1357.0 |
       Volcano |    275 |    275 |      0 |      3 |    109 |   1 |  275.0 |
      Gauntlet |    657 |    657 |      0 |     89 |    369 |   1 |  657.0 |
               +--------+--------+--------+--------+--------+-----+--------+

Top non-repeatable levels by time:
Shoals:4: 2739 daAuts
Depths:2: 2396 daAuts
Spider:3: 2089 daAuts
Vaults:2: 1874 daAuts
Spider:4: 1821 daAuts
Depths:3: 1705 daAuts
   Elf:1: 1705 daAuts
Vaults:5: 1679 daAuts
Depths:1: 1590 daAuts
Shoals:1: 1481 daAuts
  Lair:5: 1466 daAuts
Vaults:3: 1447 daAuts
Spider:1: 1443 daAuts
Vaults:4: 1432 daAuts
    D:13: 1381 daAuts
